AoeStats
← REDDOTS FINEST1

Arena

509482298Analyzed
2v2 RM · 5d ago on Sep 26, 2026· 56m 0s· 4 players
Game mode
Random Map
Map size
Medium (4 player)
Population
200
Speed
Normal
Resources
Standard
Victory
Conquest
Starting age
Dark Age
Ending age
Imperial Age
RankedLock teamsTeams togetherTeam positionsShared explorationLock speedFull tech treeHidden civsTurbo modeCheats
Victory
Defeat
🇺🇸 Teutons · United States
497
+14
🇺🇸 Italians · United States
479
+14
🇹🇷 Romans · Türkiye
463
-15
🇹🇷 Turks · Türkiye
431
-13
KADIOGLU
0:28 Loom
12:08 Feudal Age
12:34 Horse Collar
12:46 Gold Mining
12:44 Double-Bit Axe
15:12 Town Watch
18:26 Wheelbarrow
22:43 Castle Age
23:32 Forging
23:22 Scale Mail Armor
24:43 Hand Cart
24:32 Town Patrol
25:31 Iron Casting
26:53 Gold Shaft Mining
26:08 Stone Mining
26:22 Heavy Plow
26:37 Bow Saw
28:27 Man-at-Arms
28:27 Pikeman
29:08 Squires
29:57 Long Swordsman
32:05 Caravan
35:22 Ballistas
37:34 Chain Mail Armor
40:49 Imperial Age
42:16 Capped Ram
42:19 Heavy Scorpion
42:24 Halberdier
44:08 Blast Furnace
44:05 Sappers
44:56 Conscription
45:58 Legionary
49:00 Masonry
49:11 Ballistics
49:52 Chemistry
49:03 Fortified Wall
48:48 Murder Holes
48:59 Siege Engineers
48:47 Guard Tower
53:24 Comitatenses
53:24 Siege Ram
Omer burak3514
0:41 Loom
12:24 Feudal Age
16:36 Double-Bit Axe
16:36 Horse Collar
21:15 Castle Age
23:45 Wheelbarrow
22:59 Town Watch
24:11 Caravan
24:49 Heavy Plow
25:29 Murder Holes
28:47 Bloodlines
28:37 Husbandry
34:56 Imperial Age
34:37 Ballistics
35:46 Elite Janissary
43:57 Artillery
44:36 Hoardings
44:25 Gold Mining
44:26 Stone Mining
51:30 Squires
REDDOTS FINEST1
0:27 Loom
16:43 Feudal Age
21:18 Castle Age
24:48 Caravan
26:53 Double-Bit Axe
26:52 Horse Collar
32:14 Imperial Age
30:26 Wheelbarrow
32:08 Hand Cart
32:22 Scale Barding Armor
32:18 Scale Mail Armor
32:28 Forging
32:09 Fletching
32:20 Padded Archer Armor
34:43 Bow Saw
34:36 Heavy Plow
34:39 Gold Mining
34:43 Stone Mining
35:59 Chemistry
35:05 Siege Engineers
35:55 Chain Barding Armor
35:51 Chain Mail Armor
37:51 Crop Rotation
38:48 Two-Man Saw
37:41 Cavalier
39:06 Paladin
40:33 Iron Casting
39:54 Bodkin Arrow
42:05 Onager
43:15 Ironclad
43:31 Arson
44:44 Conscription
44:43 Leather Archer Armor
45:05 Plate Barding Armor
45:00 Siege Onager
53:26 Elite Teutonic Knight
54:27 Crenellations
ZigZag Doobski
0:29 Loom
14:09 Feudal Age
15:25 Wheelbarrow
14:32 Horse Collar
14:41 Double-Bit Axe
19:51 Castle Age
19:37 Gold Mining
19:43 Stone Mining
20:47 Hand Cart
20:58 Bow Saw
22:35 Heavy Plow
26:08 Fletching
26:57 Stone Shaft Mining
26:55 Arson
28:38 Ballistics
28:51 Masonry
28:40 Bodkin Arrow
31:18 Silk Road
31:05 Padded Archer Armor
33:14 Leather Archer Armor
36:00 Imperial Age
34:12 Caravan
38:38 Bracer
39:45 Chemistry
39:17 Architecture
39:49 Crop Rotation
40:23 Two-Man Saw
40:26 Elite Genoese Crossbowman
41:42 Hoardings
43:27 Conscription
46:02 Ring Archer Armor
45:43 Forging
45:35 Scale Mail Armor
45:40 Scale Barding Armor
45:58 Bombard Tower
47:26 Onager
48:46 Husbandry
48:56 Bloodlines
48:06 Light Cavalry
49:14 Cavalier
49:19 Hussar
50:23 Chain Barding Armor
50:38 Iron Casting
Connection lost

Rejoining the realm…

Still unreachable

The connection could not be restored.

Session expired

The server has moved on; the page needs a fresh start.